AoeStats
← Pwncakes

Pilgrims

510113499Analyzed
4v4 RM · 2d ago on Sep 29, 2026· 58m 53s· 8 players
Game mode
Random Map
Map size
Large (8 player)
Population
200
Speed
Normal
Resources
Standard
Victory
Conquest
Starting age
Dark Age
Ending age
Imperial Age
RankedLock teamsTeams togetherTeam positionsShared explorationLock speedFull tech treeHidden civsTurbo modeCheats
Victory
Defeat
🇦🇷 Portuguese · Argentina
1388
+15
1361
+16
🇨🇳 Huns · China
1345
+17
🇨🇳 Persians · China
1327
+17
🇨🇳 Persians · China
1421
-19
🇺🇸 Armenians · United States
1406
-18
🇩🇪 Danes · Germany
1311
-14
🇬🇷 Maya · Greece
1308
-14
double barrack mountain king
4:55 Loom
13:53 Feudal Age
16:41 Scale Mail Armor
18:53 Castle Age
17:48 Gold Mining
31:11 Town Watch
34:49 Fletching
35:25 Husbandry
35:36 Bloodlines
38:52 Bodkin Arrow
56:48 Imperial Age
56:11 Fishing Lines
56:46 Caravan
秦墨子
7:08 Loom
13:55 Feudal Age
14:05 Man-at-Arms
14:44 Gold Mining
14:41 Double-Bit Axe
14:47 Loom
15:41 Wheelbarrow
17:01 Horse Collar
18:45 Fletching
22:29 Castle Age
23:51 Forging
24:58 Husbandry
25:08 Bloodlines
25:04 Town Watch
26:20 Heavy Plow
27:21 Iron Casting
29:13 Stone Mining
35:23 Scale Barding Armor
38:02 Gold Shaft Mining
40:14 Hand Cart
40:37 Bow Saw
43:29 Imperial Age
42:45 Chain Barding Armor
42:59 Herbal Medicine
44:40 Conscription
45:37 Chemistry
44:17 Light Cavalry
45:29 Hussar
47:12 Blast Furnace
46:48 Plate Barding Armor
45:35 Cavalier
45:59 Heavy Camel Rider
47:22 Citadels
50:33 Savar
56:54 Bodkin Arrow
57:00 Padded Archer Armor
57:12 Masonry
57:24 Ballistics
59:31 Stone Shaft Mining
不会讲英文
11:37 Feudal Age
15:18 Castle Age
13:24 Gold Mining
13:29 Fletching
13:40 Padded Archer Armor
14:26 Wheelbarrow
13:51 Double-Bit Axe
16:12 Bodkin Arrow
16:32 Leather Archer Armor
16:07 Loom
16:44 Bow Saw
17:00 Bloodlines
18:15 Husbandry
20:23 Gold Shaft Mining
22:42 Wheelbarrow
31:09 Ballistics
31:06 Stone Mining
32:46 Masonry
37:11 Imperial Age
37:59 Thumb Ring
37:17 Heavy Cavalry Archer
38:32 Hand Cart
38:06 Town Watch
39:28 Two-Man Saw
39:23 Conscription
39:23 Bracer
39:29 Scale Barding Armor
39:46 Forging
39:19 Pikeman
39:59 Squires
39:45 Arson
41:21 Parthian Tactics
41:43 Chain Barding Armor
42:02 Iron Casting
41:53 Capped Ram
44:20 Coinage
44:00 Guilds
43:51 Caravan
45:35 Marauders
45:00 Elite Tarkan
46:57 Plate Barding Armor
47:23 Blast Furnace
50:39 Chemistry
51:24 Light Cavalry
53:03 Hussar
4o3haq28b
6:15 Loom
12:43 Feudal Age
13:26 Double-Bit Axe
14:51 Stone Mining
14:53 Gold Mining
15:59 Fletching
16:50 Horse Collar
21:47 Castle Age
19:43 Fishing Lines
22:32 Bodkin Arrow
23:17 Gillnets
24:07 Wheelbarrow
23:17 Town Watch
23:52 Bow Saw
23:44 Heavy Plow
25:11 Hand Cart
30:53 Imperial Age
30:19 Stone Shaft Mining
31:14 Circumnavigation
31:36 Town Patrol
32:01 Guilds
32:21 Coinage
33:37 Conscription
37:03 Banking
38:23 Bracer
38:44 Treadmill Crane
39:26 Ballistics
40:11 Chemistry
39:31 Ballistics
40:12 Murder Holes
40:27 Masonry
41:38 Bombard Tower
42:10 Masonry
41:56 Murder Holes
43:23 Arquebus
44:05 Architecture
44:54 Two-Man Saw
51:30 Padded Archer Armor
52:01 Heated Shot
52:18 Siege Engineers
51:57 Elite Organ Gun
子不语
10:54 Loom
12:42 Feudal Age
17:13 Castle Age
15:21 Double-Bit Axe
16:16 Bloodlines
16:42 Scale Barding Armor
16:51 Horse Collar
17:00 Loom
17:37 Gold Mining
22:08 Forging
26:41 Fishing Lines
31:57 Wheelbarrow
34:15 Iron Casting
35:49 Chain Barding Armor
36:14 Husbandry
38:36 Town Watch
42:44 Imperial Age
42:25 Cavalier
43:49 Plate Barding Armor
46:22 Blast Furnace
47:19 Hand Cart
46:25 Light Cavalry
47:39 Hussar
52:00 Savar
53:53 Caravan
Pwncakes
7:27 Loom
10:41 Feudal Age
13:36 Double-Bit Axe
19:04 Castle Age
18:17 Fletching
18:20 Stone Mining
20:07 Medium Warships
19:53 Bodkin Arrow
22:49 Bow Saw
22:35 Gold Mining
26:14 Wheelbarrow
26:56 Fishing Lines
27:46 Gillnets
29:09 Fervor
30:19 Ballistics
31:28 Treadmill Crane
32:19 Padded Archer Armor
33:06 Sanctity
37:21 Imperial Age
38:26 Conscription
40:51 Hand Cart
40:39 Bracer
40:03 Elite Composite Bowman
40:16 Pikeman
40:57 Squires
41:26 Fereters
41:22 Scale Mail Armor
41:33 Forging
41:14 Gambesons
40:50 Man-at-Arms
41:17 Arson
41:19 Halberdier
43:21 Chain Mail Armor
43:41 Iron Casting
42:54 Horse Collar
45:17 Plate Mail Armor
45:26 Iron Casting
45:20 Masonry
45:29 Elite Composite Bowman
47:23 Caravan
48:53 Blast Furnace
48:11 Man-at-Arms
50:06 Chemistry
49:27 Leather Archer Armor
51:11 Coinage
51:16 Long Swordsman
52:27 Ring Archer Armor
53:22 Scale Barding Armor
53:51 Banking
53:35 Two-Handed Swordsman
55:58 Champion
55:59 Champion
56:59 Caravan
57:45 Heavy Warships
57:36 Careening
57:37 Clinker Construction
WallyGoodberg
7:03 Loom
9:15 Loom
11:00 Feudal Age
13:31 Double-Bit Axe
15:57 Castle Age
13:47 Horse Collar
14:57 Stone Mining
17:29 Bow Saw
19:06 Wheelbarrow
19:10 Town Watch
21:14 Hand Cart
21:37 Scale Mail Armor
25:14 Heavy Plow
30:36 Ballistics
30:16 Fletching
33:50 Masonry
35:43 Gold Mining
40:37 Imperial Age
38:56 Murder Holes
39:15 Bodkin Arrow
39:37 Chain Mail Armor
40:28 Forging
41:24 Gold Shaft Mining
40:46 Heavy Scorpion
40:46 Onager
41:36 Siege Engineers
41:32 Onager
42:54 Conscription
42:33 Northmen's Fury
43:57 Siege Onager
43:59 Capped Ram
46:22 Chemistry
47:15 Siege Ram
48:15 Bracer
51:52 Fishing Lines
57:00 Pikeman
57:41 Squires
Madeft
3:38 Loom
13:08 Feudal Age
14:40 Fletching
43:54 Fishing Lines
45:11 Wheelbarrow
44:25 Double-Bit Axe
44:23 Horse Collar
55:45 Castle Age
Connection lost

Rejoining the realm…

Still unreachable

The connection could not be restored.

Session expired

The server has moved on; the page needs a fresh start.